 Dungeon Crawl Stone Soup version 0.30-a0-718-geaa24f58ff (webtiles) character file.

Game seed: 2952585855172009938

58 Newt the Trooper (level 3, -2/29 HPs)
             Began as a Demonspawn Gladiator on Jan 25, 2023.
             Slain by an iron imp (7 damage)
             ... summoned by Natasha
             ... on level 2 of the Dungeon.
             The game lasted 00:01:02 (1101 turns).

Newt the Trooper (Demonspawn Gladiator)             Turns: 1101, Time: 00:01:02

Health: -2/29      AC:  5    Str: 16    XL:     3   Next: 76%
Magic:  3/3        EV: 12    Int:  9    God:
Gold:   57         SH:  0    Dex: 14    Spells: 2/2 levels left

rFire   . . .      SeeInvis .    a - +0 rapier
rCold   . . .      Faith    .    (no shield)
rNeg    . . .      Spirit   .    b - +0 leather armour
rPois   .          Reflect  .    c - +0 helmet
rElec   .          Harm     .    i - +0 cloak
rCorr   .          Rampage  .    (no gloves)
Will    .....                    (no boots)
Stlth   ++                       (no amulet)
HPRegen 0.24/turn                (no ring)
MPRegen 0.08/turn                (no ring)

@: no status effects
A: powered by pain 2
a: no special abilities


You were on level 2 of the Dungeon.
You visited 1 branch of the dungeon, and saw 2 of its levels.

You collected 57 gold pieces.

Inventory:

Hand Weapons
 a - a +0 rapier (weapon)
Missiles
 d - a throwing net (quivered)
Armour
 b - a +0 leather armour (worn)
 c - a +0 helmet (worn)
 i - a +0 cloak (worn)
Wands
 f - a wand of flame (18)
Potions
 g - 3 potions of degeneration


   Skills:
 + Level 3.5 Fighting
 - Level 2.6 Short Blades
 - Level 1.7 Throwing
 - Level 2.6 Dodging
 - Level 2.0 Stealth


You had 2 spell levels left.
You didn't know any spells.
Your spell library contained the following spells:

 Spells                   Type           Power      Damage    Failure   Level
 Lesser Beckoning         Tloc           0%         N/A       58%         2
 Gell's Gravitas          Tloc           0%         N/A       83%         3
 Teleport Other           Tloc           0%         N/A       83%         3


Dungeon Overview and Level Annotations

Branches:
Dungeon (2/15)

Altars:

Annotations:
D:2 Natasha


Innate Abilities, Weirdness & Mutations

You sometimes gain power by taking damage.


Message History

You are too injured to fight recklessly!
You are too injured to fight recklessly!
You are too injured to fight recklessly!
You are too injured to fight recklessly!
You are too injured to fight recklessly!
Unknown command.
You closely miss Natasha.
Natasha is heavily wounded.
The iron imp hits you.
Natasha mumbles some strange words.
Throw: javelin
Press: ? - help, Shift-Dir - straight line, f - Natasha
Aim: Natasha (heavily wounded, 51% to hit)
You throw a javelin. The javelin pierces through Natasha.
Natasha is severely wounded.
The iron imp puffs mist at you. The iron imp misses you. Natasha claws you.
* * * LOW HITPOINT WARNING * * *
Throw: 2 throwing nets
Press: ? - help, Q - select action, (/) - cycle Shift-Dir - straight line, f/p - Natasha
Aim: Natasha (severely wounded, 51% to hit)
You throw a throwing net. The throwing net hits Natasha.
Natasha is caught in the net!
Natasha is severely wounded.
Natasha struggles against the net.
The iron imp closely misses you.
You hit Natasha but do no damage.
Natasha is severely wounded.
Natasha struggles against the net.
The iron imp hits you but does no damage.
You barely miss Natasha.
Natasha is severely wounded.
Natasha struggles against the net.
Natasha casts a spell at you. The magic dart hits you.
* * * LOW HITPOINT WARNING * * *
Natasha struggles against the net.
You barely miss Natasha.
Natasha is severely wounded.
The iron imp hits you!
You die...

#.##..............#.###########
#.##..######.####.#.#<#
#.##....####.# #.#.#.#
#............####.#.#.#
####..#.........#.....#
#...##########.###.#.# #.#.#
#####. #.#.# #.#.#
#....5###.#.#### . #.#
#(..5h@....(..... #. #.#
#....####.#.##### # #.# #...
#.#.# #.. #.#.# #. #.# # #.#
... ##


You could see an iron imp (summoned), Natasha (caught) and a crimson imp
(summoned).

Vanquished Creatures
  Terence (D:2)
  2 dart slugs (D:1)
  An endoplasm (D:1)
  A giant cockroach (D:1)
  A goblin (D:1)
  3 hobgoblins
  5 jackals (D:1)
  3 kobolds
  4 ball pythons (D:1)
  2 bats
  3 frilled lizards (D:1)
  A rat (D:2)
27 creatures vanquished.

Notes
Turn   | Place    | Note
-------+----------+-------------------------------------------
     0 | D:1      | Newt the Demonspawn Gladiator began the quest for the Orb.
     0 | D:1      | Reached XP level 1. HP: 16/16 MP: 1/1
    31 | D:1      | Reached skill level 1 in Stealth
    47 | D:1      | Gained mutation: You sometimes gain a little power by
                  | taking damage. [demonic ancestry]
    47 | D:1      | Reached XP level 2. HP: 18/22 MP: 2/2
   368 | D:1      | Gained mutation: You sometimes gain power by taking damage.
                  | [demonic ancestry]
   368 | D:1      | Reached XP level 3. HP: 25/28 MP: 3/3
   787 | D:2      | Noticed Terence
   813 | D:2      | Killed Terence
   814 | D:2      | Reached skill level 3 in Fighting
  1089 | D:2      | Noticed Natasha
  1101 | D:2      | Slain by an iron imp

Illustrated notes

Levels and vault maps discovered:
D:1:      scummos_arrival_forest, layout_loops_ring, minmay_tetromino_l2
D:2:      layout_basic, uniq_terence, uniq_natasha, uniq_jessica

Skill      XL: |  1  2  3 |
---------------+----------+-----
Stealth        | 1 2 |  2.0
Fighting       | 3 |  3.5
Short Blades   | |  2.6
Throwing       | |  1.7
Dodging        | |  2.6

Action                     || total
---------------------------++-------
  Melee: Rapier            ||   122
         Punch             ||     1
  Throw: Throwing net      ||     2
         Javelin           ||     1
    Use: Scroll            ||     2
   Stab: Sleeping          ||     2
 Armour: Leather armour    ||    46
  Dodge: Dodged            ||    93

Table legend: (Time is in decaauts)
 A = Elapsed time spent in this place.
 B = Non-inter-level travel time spent in this place.
 C = Inter-level travel time spent in this place.
 D = Time resting spent in this place.
 E = Time spent auto-exploring this place.
 F = Levels seen in this place.
 G = Mean time per level.
                   A        B        C        D        E       F      G
               +--------+--------+--------+--------+--------+-----+--------+
         Total |   1108 |   1071 |     37 |    142 |    692 |   2 |  554.0 |
       Dungeon |   1108 |   1071 |     37 |    142 |    692 |   2 |  554.0 |
               +--------+--------+--------+--------+--------+-----+--------+

Top non-repeatable levels by time:
     D:1: 709 daAuts
     D:2: 399 daAuts
